 Dungeon Crawl Stone Soup version 0.20-a0-555-gf6ae02d (webtiles) character file.

705260 Dragon983 the Conqueror (level 27, -3/259 (273) HPs)
             Began as a Minotaur Berserker on Feb 3, 2017.
             Was a High Priest of Trog.
             Killed by divine providence
             ... invoked by a greater mummy
              (11 damage)
             ... on level 3 of the Iron City of Dis on Feb 5, 2017.
             The game lasted 04:18:19 (76600 turns).

Dragon983 the Conqueror (Minotaur Berserker)       Turns: 76600, Time: 04:18:20

HP:   -3/259 (273)  AC: 46    Str: 25    XL:     27
MP:   12/22         EV: 26    Int:  2    God:    Trog [*****.]
Gold: 3330          SH: 36    Dex: 31    Spells: 26/26 levels left

rFire    + + .     SeeInvis .   w - +8 trident of Eternal Harmony {pierce, +Inv rF+ MR+ Int-4}
rCold    + + .     Gourm    .   S - +5 gold dragon scales
rNeg     . . .     Faith    .   m - +9 large shield of the Orcish Mines {rCorr}
rPois    +         Spirit   .   T - +1 hat {Int+3}
rElec    +         Reflect  .   e - +5 cloak of Depression {+Fly Dex+6}
rCorr    +         Harm     .   j - +1 pair of gloves
MR       +++++                  H - +2 pair of boots
Stlth    ..........             C - amulet of the Solstice {rElec Regen+ Int+2}
Regen    1.0/turn               g - ring "Dymnad" {rElec rPois MR++ Int-4 Slay+3}
                                I - ring of Moxiupa {rC+ Dex+6}

@: exhausted, about to teleport, recuperating, diseased, slowed, studying
Evocations, drained, very slow
A: retaliatory headbutt, horns 2
}: 5/15 runes: decaying, slimy, silver, abyssal, gossamer
a: Berserk, Trog's Hand, Brothers in Arms, Burn Spellbooks, Renounce Religion,
Evoke Invisibility, Evoke Flight


You were on level 3 of the Iron City of Dis.
You worshipped Trog.
Trog was extremely pleased with you.
You were hungry.

You visited 13 branches of the dungeon, and saw 55 of its levels.
You visited the Abyss 4 times.
You also visited: Labyrinth and Ice Cave.

You collected 7455 gold pieces.
You spent 4125 gold pieces at shops.

Inventory:

Hand Weapons
 a - a +8 trishula of holy wrath
 f - a +4 antimagic demon trident
 w - the +8 trident of Eternal Harmony (weapon) {pierce, +Inv rF+ MR+ Int-4}
   (Trog gifted it to you on level 4 of the Depths)

   It inflicts extra damage upon your enemies.
   It affects your intelligence (-4).
   It protects you from fire.
   It affects your resistance to hostile enchantments.
   It lets you turn invisible.
Armour
 e - the +5 cloak of Depression (worn) {+Fly Dex+6}
   (You found it on level 6 of the Lair of Beasts)

   It affects your dexterity (+6).
   It lets you fly.
 j - a +1 pair of gloves (worn)
 m - the +9 large shield of the Orcish Mines (worn) {rCorr}
   (You took it off Mennas on level 5 of the Vaults)

   It protects you from acid and corrosion.
 G - the +12 crystal plate armour "Kasepuch" {+Fly Str+2 Slay-2}
   (You acquired it on level 15 of the Dungeon)

   It affects your strength (+2).
   It affects your accuracy and damage with ranged weapons and melee attacks
   (-2).
   It lets you fly.
 H - a +2 pair of boots (worn)
 S - +5 gold dragon scales (worn)
 T - a +1 hat of intelligence (worn)
Jewellery
 b - the ring "Pyusoym" {rPois MR+ Str+6}
   (You found it on level 5 of the Pits of Slime)

   [ring of strength]

   It affects your strength (+6).
   It protects you from poison.
   It affects your resistance to hostile enchantments.
 g - the ring "Dymnad" (right hand) {rElec rPois MR++ Int-4 Slay+3}
   (You found it on level 2 of the Abyss)

   [ring of poison resistance]

   It affects your intelligence (-4).
   It affects your accuracy and damage with ranged weapons and melee attacks
   (+3).
   It insulates you from electricity.
   It protects you from poison.
   It affects your resistance to hostile enchantments.
 C - the amulet of the Solstice (around neck) {rElec Regen+ Int+2}
   (You found it on level 6 of the Lair of Beasts)

   [amulet of regeneration]

   It affects your intelligence (+2).
   It insulates you from electricity.
   It increases your rate of regeneration.
 I - the ring of Moxiupa (left hand) {rC+ Dex+6}
   (You found it on level 5 of the Pits of Slime)

   [ring of protection from cold]

   It affects your dexterity (+6).
   It protects you from cold.
Wands
 X - a wand of digging (0/24)
Scrolls
 k - 17 scrolls of teleportation
 r - 9 scrolls of identify
 u - 2 scrolls of fear
 y - a scroll of fog
 B - 14 scrolls of remove curse
 F - 7 scrolls of recharging
 J - 5 scrolls of magic mapping
 L - a scroll of summoning
 O - a scroll of holy word
Potions
 h - 7 potions of magic
 i - 4 potions of berserk rage
 l - 6 potions of ambrosia
 o - 4 potions of haste
 p - 6 potions of flight
 q - 23 potions of curing
 s - 2 potions of invisibility
 v - a potion of cure mutation
 z - 3 potions of might
 D - 4 potions of agility
 M - a potion of heal wounds
 N - 2 potions of cancellation
 U - 3 potions of resistance
 Y - 2 potions of brilliance
Books
 E - a manual of Evocations
Miscellaneous
 t - the horn of Geryon
Comestibles
 c - 13 bread rations
 d - 14 meat rations
 n - 14 fruits
 x - 15 royal jellies


   Skills:
 O Level 27(25.9) Fighting
 + Level 22.4(21.4) Polearms
 O Level 27(25.9) Armour
 + Level 24.7(23.7) Dodging
 + Level 26.0(25.0) Shields


You had 26 spell levels left.
You didn't know any spells.

Dungeon Overview and Level Annotations

Branches:
Dungeon (15/15)            Temple (1/1) D:5            Lair (6/6) D:11
  Swamp (4/4) Lair:4       Spider (4/4) Lair:4        Slime (5/5) Lair:6
    Orc (2/2) D:11            Elf (3/3) Orc:2        Vaults (5/5) D:14
  Crypt (1/3) Vaults:3     Depths (5/5) D:15           Hell (1/1)
    Dis (3/7) Hell            Geh (0/7) Hell            Coc (0/7) Hell
    Tar (0/7) Hell            Zot (0/5) Depths:5

Altars:
Ashenzari
Cheibriados
Dithmenos
Elyvilon
Fedhas
Gozag
Hepliaklqana
Kikubaaqudgha
Makhleb
Nemelex Xobeh
Okawaru
Qazlal
Ru
Sif Muna
Trog
Uskayaw
Vehumet
Xom
Yredelemnul
Zin
The Shining One
Jiyva

Shops:
D:8 (   D:13 %   Orc:2 *%([   Elf:1 *   Vaults:3 [   Vaults:5 !%%?!!!?
Depths:2 *   Depths:5 }

Portals:
Hell: Depths:1 Depths:2 Depths:3 Depths:4 Depths:5
Abyss: Depths:2 Depths:4 Depths:5
Pandemonium: Depths:3 Depths:4
Ziggurat: Depths:4
Trove: Elf:1 (give +6 demon blade)


Innate Abilities, Weirdness & Mutations

You reflexively headbutt those who attack you in melee.
You have a pair of horns on your head.


Message History

The greater mummy gestures wildly while chanting.
You block the mana viper's attack.
You feel your anger subside.
You are no longer berserk.
You are exhausted.
You feel as though you will be slow longer.
As you read the scroll of teleportation, it crumbles to dust.
You feel strangely unstable.
You feel the effects of Trog's Hand fading.
The mana viper bites you.
* * * LOW HITPOINT WARNING * * *
You feel your power leaking away. The lich touches you!
* * * LOW HITPOINT WARNING * * *
The mana viper barely misses you. You furiously retaliate!
You headbutt the mana viper!!
The ushabti shakes and rattles deafeningly!
You block the mana viper's attack.
The greater mummy gestures at you while chanting.
Something smites you!
You die...

............#.......#...........#
............#.......#...........#
............######'###'########+#
............#.......#.......#
............#.......#.......#
............#.......#.......#
###############'..#########'#####
...........# ###'## #....#....
...........#####@..#####....#....
...........#8..SSLM...8#....#....
#######'########V.M#####....#....
#.......#..# ###'WW### #....'....
'.......'..# #.#WM.#.# #....#....
#.......#..# #.'{M.'.# #....#....
#.......#### ###..M### ##...#....
#.......#..# s8Ms3. #...#....
#.......#..# #...### #...#∩...


You could see 2 greater mummies, 2 emperor scorpions, a lich, a jiangshi, a
flayed ghost, 2 mana vipers, 4 guardian mummies, an ushabti, a sixfirhy and 2
wraiths.

Vanquished Creatures
  the Royal Jelly (Slime:5)
  The ghost of Xeen the Metallomancer, a legendary GrEE of Vehumet (Hell)
  2 juggernauts (Depths:4)
  Mennas (Vaults:5)
  2 ancient liches
  2 greater mummies (Dis:3)
  the Lernaean hydra (Swamp:4)
  Bai Suzhen (Swamp:3)
  5 golden dragons
  Geryon (Hell)
  Jory (Vaults:5)
  3 bone dragons
  Rupert (Spider:1)
  Jorgrun (Vaults:1)
  5 tentacled monstrosities
  2 Ice Fiends
  12 liches
  5 titans
  13 acid blobs
  2 Executioners
  3 deep elf blademasters
  Murray (Depths:1)
  2 ancient champions
  Gastronok (D:10)
  6 sphinxes
  6 tengu reavers
  3 eldritch tentacles
  18 tentacled starspawn
  Kirke (Spider:1)
  2 thorn hunters (Swamp:4)
  2 storm dragons (Vaults:5)
  15 shadow dragons
  11 azure jellies
  13 frost giants
  2 daevas
  11 deep elf sorcerers
  A draconian knight (Depths:5)
  2 corrupters (Abyss:3)
  5 cacodemons
  10 vault wardens
  Louise (Swamp:4)
  9 emperor scorpions
  6 ghost moths
  7 fire giants
  16 ironheart preservers
  5 deep elf elementalists
  5 iron dragons
  Aizul (Elf:1)
  A draconian annihilator (Depths:5)
  3 balrugs
  3 angels
  5 war gargoyles
  15 stone giants
  4 entropy weavers
  A spriggan defender (Depths:3)
  13 reapers
  20 very ugly things
  A stone giant (shapeshifter) (Vaults:1)
  Nessos (Lair:5)
  3 green draconians
  2 vampire knights (Depths:2)
  5 deep elf demonologists
  2 purple draconians (Depths:5)
  2 white draconians (Depths:5)
  4 deep elf annihilators
  A spark wasp (Spider:3)
  A lorocyproca (Abyss:1)
  A red draconian (Depths:5)
  9 deep elf death magi
  12 ettins
  3 blizzard demons
  14 yaktaur captains
  4 green deaths
  Snorg (D:10)
  4 quicksilver dragon zombies
  A mummy priest (Dis:3)
  Josephine (D:14)
  2 minotaurs
  8 death oozes (Slime:5)
  6 jiangshi
  10 fire dragons
  4 deep elf high priests
  11 great orbs of eyes
  10 ice dragons
  An ice dragon (shapeshifter) (Vaults:5)
  23 hydras
  7 spriggan air magi
  2 ghost crabs (Swamp:3)
  20 vault guards
  A hell beast (Dis:1)
  10 rakshasas
  12 centaur warriors
  3 catoblepae (Lair:6)
  15 ogre magi
  An anaconda (shapeshifter) (Vaults:2)
  38 two-headed ogres
  Erica (D:10)
  3 death knights
  34 dancing weapons
  9 alligators
  6 deep troll earth magi
  11 death yaks
  5 deep troll shamans
  Urug (D:15)
  4 tengu warriors
  6 vampire magi
  19 thrashing horrors
  10 spriggan berserkers
  A shock serpent (shapeshifter) (Vaults:1)
  17 hell hogs
  2 titan zombies
  3 soul eaters
  Sonja (D:15)
  16 spriggans
  A storm dragon zombie (Dis:2)
  5 iron golems
  8 sun demons
  2 shadow wraiths
  24 deep elf knights
  49 skeletal warriors
  A titan skeleton (Dis:2)
  20 wretched stars
  2 iron trolls (Depths:4)
  4 sixfirhies
  A salamander mystic (Depths:2)
  A sea snake (shapeshifter) (Depths:2)
  10 spatial maelstroms
  A storm dragon skeleton (Dis:2)
  A shadow demon (Abyss:1)
  4 glowing orange brains
  34 deep trolls
  A spriggan druid (Swamp:4)
  An infernal demonspawn (Abyss:3)
  16 ironbrand convokers
  A shambling mangrove (Swamp:3)
  57 starcursed masses
  9 wizards
  10 swamp dragons
  7 unseen horrors
  2 golden dragon skeletons
  16 orc knights
  A deep troll (shapeshifter) (Vaults:1)
  A harpy (shapeshifter) (Vaults:3)
  9 phantasmal warriors
  7 flayed ghosts
  A torturous demonspawn (Abyss:3)
  3 anaconda zombies
  A shadow dragon zombie (Dis:3)
  17 orb spiders
  29 deep elf archers
  A lindwurm (Vaults:4)
  3 necromancers
  An orb spider (shapeshifter) (Vaults:2)
  An iron dragon zombie (Abyss:3)
  23 wolf spiders
  3 fire giant zombies (Dis:2)
  3 frost giant zombies
  78 deep elf magi
  27 ugly things
  A shining eye (shapeshifter) (Abyss:1)
  3 orc sorcerers
  A moth of wrath (shapeshifter) (Abyss:1)
  6 cyclopes
  A faun (shapeshifter) (Vaults:1)
  5 salamanders
  A stone giant zombie (Dis:2)
  A cyclops (shapeshifter) (Elf:3)
  7 shining eyes
  2 moths of wrath
  A manticore (shapeshifter) (Vaults:5)
  A frost giant skeleton (Hell)
  5 manticores
  26 rust devils
  2 guardian serpents (shapeshifter)
  8 worldbinders
  6 black mambas
  A dire elephant zombie (Dis:1)
  Maurice (D:10)
  11 smoke demons
  An ice statue (IceCv)
  Psyche (D:9)
  4 apocalypse crabs
  4 orange demons
  3 water nymphs (shapeshifter)
  2 gargoyles
  A guardian serpent (Abyss:1)
  16 vault sentinels
  A spiny frog (shapeshifter) (Elf:1)
  3 eyes of devastation
  A torpor snail (Lair:6)
  A kobold demonologist (D:15)
  2 torpor snails (shapeshifter)
  23 spiny frogs
  6 efreet
  15 tormentors
  13 freezing wraiths
  6 rime drakes
  13 demonic crawlers
  6 komodo dragons
  A komodo dragon (shapeshifter) (Depths:5)
  59 yaktaurs
  7 hellions
  16 ancient zymes
  27 jumping spiders
  10 hellwings
  12 ice devils
  20 red devils
  A queen bee (shapeshifter) (Depths:5)
  2 harpy zombies (Dis:1)
  6 meliai
  3 tengu conjurers
  4 tyrant leeches
  13 trolls
  3 hydra zombies
  A polar bear (shapeshifter) (Abyss:3)
  2 jumping spiders (shapeshifter)
  95 slime creatures
  26 hornets
  25 polar bears
  5 ettin zombies
  3 ice dragon zombies
  36 large abominations
  26 bog bodies
  2 dream sheep (Lair:6)
  A dream sheep (shapeshifter) (Elf:2)
  A fire dragon zombie (Dis:3)
  20 raiju
  9 hippogriffs
  2 snapping turtles (shapeshifter)
  16 blink frogs
  9 flying skulls
  9 air elementals
  64 redbacks
  A centaur simulacrum (D:15)
  22 wraiths
  11 ynoxinuls
  57 yaks
  An ettin skeleton (Dis:3)
  10 shadows
  6 tarantellas (shapeshifter)
  12 water elementals
  9 fire bats
  18 tarantellas
  2 vampires
  15 fire elementals
  A basilisk (D:15)
  A black mamba skeleton (Dis:2)
  A hog (shapeshifter) (Vaults:1)
  10 hogs
  56 vampire mosquitoes
  4 wyverns
  4 chaos spawn (Abyss:1)
  11 golden eyes
  A golden eye (shapeshifter) (Vaults:1)
  A human (D:7)
  A steam dragon (D:12)
  Edmund (D:6)
  46 small abominations
  6 wargs
  3 hungry ghosts
  A soldier ant (shapeshifter) (Elf:1)
  10 neqoxecs
  22 swamp worms
  4 spatial vortices
  10 insubstantial wisps
  A spiny frog zombie (Hell)
  A hydra simulacrum (Hell)
  2 acid dragons
  27 hell hounds
  A soldier ant (D:15)
  A porcupine (shapeshifter) (Vaults:5)
  10 water moccasins
  A floating eye (Depths:4)
  2 sky beasts
  10 porcupines
  A spiny frog skeleton (Hell)
  A black bear (shapeshifter) (D:14)
  4 ice beasts
  An ettin simulacrum (Vaults:2)
  2 snapping turtle zombies
  11 necrophages
  35 orc warriors
  3 phantoms
  10 swamp drakes
  7 black bears
  42 ogres
  4 eyes of draining
  An alligator simulacrum (Hell)
  6 boggarts (Depths:2)
  23 wolves
  9 centaurs
  9 crocodiles
  A snapping turtle skeleton (Dis:2)
  5 big kobolds
  19 bullfrogs
  A gnoll sergeant (D:10)
  A bullfrog (shapeshifter) (Elf:2)
  4 earth elementals
  A wyvern skeleton (D:14)
  2 scorpions
  7 electric eels
  34 wights
  3 howler monkeys (D:12)
  9 crimson imps
  A bullfrog zombie (D:11)
  4 centaur zombies
  11 quasits
  8 hounds
  2 human simulacra
  4 jellies
  6 centaur skeletons
  24 orc priests
  5 bullfrog skeletons
  25 iron imps
  21 orc wizards
  5 iguanas
  18 worker ants
  A killer bee zombie (D:7)
  An ogre zombie (Abyss:2)
  A tengu zombie (Dis:1)
  A hound skeleton (D:11)
  6 mummies
  A howler monkey zombie (D:9)
  7 gnolls
  12 adders
  3 shadow imps
  4 white imps
  11 ufetubi
  An ooze (D:1)
  4 adder skeletons
  4 worms
  2 dart slugs
  9 leopard geckos
  90 orcs
  3 ball pythons
  3 giant cockroaches
  8 hobgoblins
  9 jackals
  2 quokkas
  6 bats
  3 frilled lizards
  11 goblins
  24 kobolds
  A quokka skeleton (D:4)
  A quokka zombie (D:5)
  11 rats
  A briar patch (Swamp:4)
  5 crawling corpses
  2 lurking horrors
  2 plants
  18 starspawn tentacles
3014 creatures vanquished.

Vanquished Creatures (collateral kills)
  A juggernaut (Depths:4)
  A profane servitor (Abyss:1)
  Nikola (Spider:4)
  2 bone dragons (Dis:2)
  A lich (Dis:2)
  A deep elf blademaster (Elf:3)
  A deep elf master archer (Elf:3)
  A shadow dragon (Vaults:5)
  A juggernaut zombie (Depths:3)
  3 deep elf sorcerers
  A stone giant (Vaults:5)
  2 vault wardens
  3 reapers (Dis:2)
  2 ironheart preservers (Vaults:2)
  4 very ugly things (Depths:4)
  2 entropy weavers
  A deep elf demonologist (Elf:3)
  3 deep elf annihilators (Elf:3)
  A spark wasp (Spider:2)
  A death ooze (Slime:5)
  2 ettins
  2 deep elf death magi (Elf:3)
  A quicksilver dragon zombie (Depths:3)
  A deep elf high priest (Elf:3)
  A fire dragon (Depths:2)
  3 great orbs of eyes
  Erolcha (D:13)
  A juggernaut simulacrum (Depths:3)
  6 vault guards (Vaults:5)
  An ogre mage (Orc:2)
  A spriggan air mage (Depths:2)
  2 death knights (D:15)
  A centaur warrior (Vaults:2)
  6 two-headed ogres
  A deep troll earth mage (Depths:4)
  3 tengu warriors
  2 deep troll shamans
  2 thrashing horrors (Abyss:1)
  A deep elf knight (Elf:3)
  4 deep trolls
  A sea snake (shapeshifter) (Vaults:5)
  A swamp dragon (Lair:4)
  A glowing orange brain (Vaults:2)
  An unseen horror (Abyss:1)
  2 phantasmal warriors
  An orc knight (Vaults:5)
  3 wizards
  An orb spider (Spider:4)
  A sphinx zombie (Depths:3)
  A manticore (D:15)
  A worldbinder (Abyss:1)
  9 deep elf magi
  9 ugly things
  2 cyclopes (Orc:2)
  A black mamba (shapeshifter) (Depths:3)
  A vault sentinel (Vaults:2)
  2 smoke demons
  2 rust devils (Dis:2)
  A komodo dragon (Lair:6)
  2 yaktaurs
  An efreet (D:15)
  2 ancient zymes
  A tengu conjurer (Depths:4)
  5 trolls (Orc:2)
  4 red devils (Dis:2)
  A hellwing (Abyss:1)
  A tengu simulacrum (Vaults:2)
  A jumping spider (Spider:2)
  3 blink frogs (Lair:6)
  2 raiju (Abyss:1)
  2 dream sheep (Lair:6)
  A slime creature (shapeshifter) (Spider:4)
  A tarantella (Spider:4)
  7 redbacks
  An ushabti (Dis:3)
  2 wraiths
  A spriggan (shapeshifter) (Depths:2)
  A basilisk (Lair:4)
  9 starcursed masses (Abyss:1)
  A fire elemental (Elf:3)
  2 wargs
  A spatial vortex (Abyss:3)
  A hell hound (Dis:2)
  3 orc warriors
  An ogre (Orc:2)
  A phantom (Dis:2)
  A boggart (shapeshifter) (Depths:4)
  A crimson imp (D:15)
  An orc priest (Vaults:5)
  2 iguanas (Lair:4)
  An orc wizard (D:13)
  A small abomination (Abyss:1)
  A mummy (Dis:2)
  4 orcs
  A crawling corpse (Vaults:5)
187 creatures vanquished.

Vanquished Creatures (others)
  A golden dragon (Vaults:5)
  A lich (Depths:4)
  A tengu reaver (Vaults:5)
  An emperor scorpion (Spider:4)
  An ironheart preserver (Vaults:1)
  A ghoul (Swamp:2)
  A very ugly thing (Vaults:5)
  A lorocyproca (Hell)
  2 yaktaur captains
  A hydra (Swamp:4)
  A centaur warrior (Vaults:3)
  3 hell hogs
  A vampire mage (Depths:2)
  2 deep elf knights
  A deep troll (Vaults:2)
  2 deep elf magi (Elf:1)
  3 yaktaurs
  A blink frog (Swamp:4)
  A raiju (Abyss:3)
  2 golden eyes (Abyss:4)
  A vampire mosquito (Swamp:4)
  A swamp drake (Swamp:4)
  3 boggarts (Depths:2)
  2 small abominations (Abyss:3)
  A starcursed mass (Abyss:3)
  An iguana (Lair:4)
  A quokka (D:13)
  A bush (Swamp:4)
  A fire vortex (Depths:1)
  23 fungi
  2 lurking horrors
  14 plants
  31 starspawn tentacles
110 creatures vanquished.

Grand Total: 3311 creatures vanquished

Notes
Turn   | Place    | Note
-------+----------+-------------------------------------------
     0 | D:1      | Dragon983 the Minotaur Berserker began the quest for the Orb.
     0 | D:1      | Reached XP level 1. HP: 19/19 MP: 0/0
   192 | D:1      | Reached XP level 2. HP: 21/27 MP: 1/1
   414 | D:1      | Reached skill level 1 in Shields
   857 | D:1      | Reached XP level 3. HP: 33/33 MP: 2/2
   905 | D:1      | Reached ** piety under Trog
  1448 | D:2      | Found a radiant altar of Vehumet.
  1452 | D:2      | Reached XP level 4. HP: 36/40 MP: 3/3
  3033 | D:3      | Reached XP level 5. HP: 46/46 MP: 4/4
  3268 | D:4      | Noticed a sky beast
  3288 | D:4      | Killed a sky beast
  3376 | D:4      | Reached *** piety under Trog
  3412 | D:4      | Reached skill level 5 in Polearms
  3412 | D:4      | Reached XP level 6. HP: 53/53 MP: 5/5
  3754 | D:4      | Reached skill level 5 in Fighting
  3963 | D:4      | Reached XP level 7. HP: 61/61 MP: 6/6
  4214 | D:5      | Entered Level 5 of the Dungeon
  4265 | D:5      | Reached skill level 5 in Armour
  4397 | D:5      | Found a basalt altar of Yredelemnul.
  4541 | D:5      | Found a staircase to the Ecumenical Temple.
  4742 | D:5      | Reached skill level 5 in Dodging
  4960 | D:6      | Reached XP level 8. HP: 68/70 MP: 7/7
  5068 | D:6      | Reached skill level 5 in Shields
  5080 | D:6      | Noticed Edmund
  5083 | D:6      | Reached **** piety under Trog
  5092 | D:6      | Killed Edmund
  5731 | D:6      | Noticed a hippogriff
  5735 | D:6      | Killed a hippogriff
  5921 | D:7      | Found a sacrificial altar of Ru.
  5985 | D:7      | Reached XP level 9. HP: 69/79 MP: 8/8
  6670 | D:7      | Found an iron altar of Okawaru.
  6670 | D:7      | Found a faded altar of an unknown god.
  6682 | D:7      | Found a faded altar of an unknown god.
  6684 | D:7      | Found a shattered altar of Ashenzari.
  6685 | D:7      | Found a snail-covered altar of Cheibriados.
  6929 | D:7      | Reached ***** piety under Trog
  7350 | D:8      | Found a sparkling altar of Nemelex Xobeh.
  7513 | D:8      | Found Zeok's Antique Weapon Boutique.
  7547 | D:8      | Reached XP level 10. HP: 89/89 MP: 9/9
  7733 | D:8      | Found a white marble altar of Elyvilon.
  7733 | D:8      | Found a burning altar of Makhleb.
  8147 | D:9      | Noticed a two-headed ogre
  8156 | D:9      | Killed a two-headed ogre
  8251 | D:9      | Noticed Psyche
  8256 | D:9      | Killed Psyche
  8853 | D:10     | Entered Level 10 of the Dungeon
  8940 | D:10     | Noticed Maurice
  8945 | D:10     | Killed Maurice
  9141 | D:10     | Noticed a manticore
  9147 | D:10     | Killed a manticore
  9147 | D:10     | Reached skill level 10 in Polearms
  9147 | D:10     | Reached XP level 11. HP: 97/97 MP: 10/10
  9263 | D:10     | Noticed Snorg
  9271 | D:10     | Killed Snorg
  9341 | D:10     | Noticed Gastronok
  9352 | D:10     | Killed Gastronok
  9352 | D:10     | Reached skill level 10 in Fighting
  9520 | D:10     | Noticed Erica
  9530 | D:10     | Killed Erica
  9530 | D:10     | Reached skill level 10 in Armour
 10026 | D:10     | Reached skill level 10 in Shields
 10251 | D:11     | Noticed a two-headed ogre
 10259 | D:11     | Killed a two-headed ogre
 10335 | D:11     | Found a staircase to the Lair.
 10353 | D:11     | Noticed a cyan ugly thing
 10361 | D:11     | Killed a cyan ugly thing
 10570 | D:11     | Found a labyrinth entrance.
 10579 | Lab      | Entered a labyrinth
 11106 | Lab      | Noticed a minotaur
 11114 | Lab      | Killed a minotaur
 11114 | Lab      | Reached skill level 10 in Dodging
 11114 | Lab      | Reached XP level 12. HP: 108/108 MP: 11/11
 11175 | D:11     | Reached ****** piety under Trog
 11497 | D:11     | Found a staircase to the Orcish Mines.
 12362 | D:12     | Received a gift from Trog
 12838 | D:13     | Found a white marble altar of Elyvilon.
 12902 | D:13     | Noticed a two-headed ogre
 12907 | D:13     | Killed a two-headed ogre
 12909 | D:13     | Found Nyj Zics's Food Shoppe.
 12947 | D:13     | Bought a meat ration for 55 gold pieces
 12947 | D:13     | Bought a meat ration for 55 gold pieces
 13348 | D:13     | Noticed a tengu warrior
 13355 | D:13     | Killed a tengu warrior
 13425 | D:13     | Noticed Erolcha
 13425 | D:13     | Found a hazy altar of Hepliaklqana.
 13436 | D:13     | Killed Erolcha
 13780 | D:13     | Reached XP level 13. HP: 92/118 MP: 12/12
 14210 | D:14     | Noticed Josephine
 14229 | D:14     | Killed Josephine
 14292 | D:14     | Found a gate to the Vaults.
 14829 | D:14     | Received a gift from Trog
 15134 | D:15     | Entered Level 15 of the Dungeon
 15313 | D:15     | Found a staircase to the Depths.
 15314 | D:15     | Noticed a fire giant
 15358 | D:15     | Noticed Sonja
 15762 | D:15     | Upgraded the game from 0.20-a0-551-gc8f91ca to 0.20-a0-555-gf6ae02d
 15792 | D:15     | Killed Sonja
 16207 | D:15     | Cast into level 2 of the Abyss (skeletal warrior)
 16275 | Abyss:2  | Noticed a deep elf sorcerer
 16290 | Abyss:2  | Killed a deep elf sorcerer
 16312 | Abyss:2  | Found a corrupted altar of Lugonu.
 16418 | Abyss:2  | Gained mutation: Your spells are a little easier to cast, but a little less powerful. [a neqoxec]
 16431 | Abyss:2  | Gained mutation: You are occasionally teleported next to monsters. [a neqoxec]
 16553 | Abyss:2  | Found a corrupted altar of Lugonu.
 16650 | Abyss:2  | Reached XP level 14. HP: 125/129 MP: 6/13
 16697 | Abyss:2  | Received a gift from Trog
 16716 | Abyss:2  | Noticed a tentacled starspawn
 16727 | Abyss:2  | Killed a tentacled starspawn
 16761 | Abyss:2  | Noticed a daeva
 16779 | Abyss:2  | Noticed a tentacled starspawn
 16803 | Abyss:2  | Killed a tentacled starspawn
 16819 | Abyss:2  | Killed a daeva
 16832 | D:15     | Escaped the Abyss
 16832 | D:15     | Found a shadowy altar of Dithmenos.
 17027 | D:15     | Noticed Urug
 17161 | D:15     | Received a gift from Trog
 17207 | D:15     | Identified a scroll of acquirement
 17212 | D:15     | Got a crude crystal plate armour
 17224 | D:15     | Identified the +12 crystal plate armour "Kasepuch" {+Fly Str+2 Slay-2} (You acquired it on level 15 of the Dungeon)
 17474 | D:15     | Killed a fire giant
 17710 | D:15     | Killed Urug
 18046 | Lair:1   | Entered Level 1 of the Lair of Beasts
 18475 | Lair:1   | Found a frozen archway.
 18484 | IceCv    | Entered an ice cave
 18821 | IceCv    | Reached XP level 15. HP: 138/138 MP: 14/14
 18886 | IceCv    | Noticed a frost giant
 18898 | IceCv    | Killed a frost giant
 20777 | Lair:3   | Received a gift from Trog
 21258 | Lair:4   | Found a staircase to the Swamp.
 21342 | Lair:4   | Found a hole to the Spider Nest.
 21627 | Lair:4   | Reached skill level 15 in Polearms
 22025 | Lair:5   | Noticed Nessos
 22031 | Lair:5   | Killed Nessos
 22476 | Lair:6   | Entered Level 6 of the Lair of Beasts
 22501 | Lair:6   | Received a gift from Trog
 22780 | Lair:6   | Got a bloodstained cloak
 22791 | Lair:6   | Identified the +5 cloak of Depression {+Fly Dex+6} (You found it on level 6 of the Lair of Beasts)
 22962 | Lair:6   | Reached skill level 15 in Fighting
 23028 | Lair:6   | Received a gift from Trog
 23220 | Lair:6   | Reached XP level 16. HP: 147/149 MP: 15/15
 23234 | Lair:6   | Got a twitching ruby amulet
 23237 | Lair:6   | Identified the amulet of the Solstice {rElec Regen+ Int+2} (You found it on level 6 of the Lair of Beasts)
 23496 | Lair:6   | Found a staircase to the Slime Pits.
 23496 | Lair:6   | Found a viscous altar of Jiyva.
 24061 | Orc:1    | Entered Level 1 of the Orcish Mines
 24191 | Orc:1    | Found a burning altar of Makhleb.
 24366 | Orc:1    | Reached skill level 15 in Armour
 24497 | Orc:2    | Entered Level 2 of the Orcish Mines
 24830 | Orc:2    | Found a staircase to the Elven Halls.
 24886 | Orc:2    | Found Tupt's Antique Weapon Emporium.
 24890 | Orc:2    | Found Owoev's General Store.
 24900 | Orc:2    | Found Nafeisyl's Antique Armour Boutique.
 24902 | Orc:2    | Bought a twisted spear for 240 gold pieces
 24909 | Orc:2    | Found Ruqiraetz's Food Shoppe.
 24945 | Orc:2    | Reached skill level 15 in Shields
 24959 | Orc:2    | Identified the +8 spear of Equilibrium {elec, rC- Dex+2 SInv} (You bought it in a shop on level 2 of the Orcish Mines)
 25307 | Orc:1    | Received a gift from Trog
 25659 | Spider:1 | Entered Level 1 of the Spider Nest
 25703 | Spider:1 | Noticed Rupert
 25713 | Spider:1 | Paralysed by Rupert for 6 turns
 25740 | Spider:1 | Killed Rupert
 25937 | Spider:1 | Noticed Kirke
 25982 | Spider:1 | Killed Kirke
 27003 | Spider:2 | Received a gift from Trog
 27917 | Spider:2 | Reached XP level 17. HP: 160/160 MP: 16/16
 28811 | Spider:3 | Reached skill level 15 in Dodging
 28817 | Spider:3 | Received a gift from Trog
 29485 | Spider:4 | Entered Level 4 of the Spider Nest
 30129 | Spider:4 | Noticed Nikola
 30157 | Spider:4 | Killed Nikola
 30266 | Spider:4 | Got a gossamer rune of Zot
 30723 | Vaults:1 | Entered Level 1 of the Vaults
 30969 | Vaults:1 | Received a gift from Trog
 31076 | Vaults:1 | Reached XP level 18. HP: 172/172 MP: 5/17
 31348 | Vaults:1 | Noticed Jorgrun
 31360 | Vaults:1 | Killed Jorgrun
 31798 | Vaults:1 | Received a gift from Trog
 32298 | Vaults:1 | Received a gift from Trog
 32743 | Vaults:2 | Received a gift from Trog
 32823 | Vaults:2 | Noticed a Tzitzimitl
 33241 | Vaults:2 | Received a gift from Trog
 33399 | Vaults:2 | Reached XP level 19. HP: 163/184 MP: 18/18
 34404 | Vaults:3 | Found Eloles's Armour Shop.
 35262 | Vaults:3 | Received a gift from Trog
 35289 | Vaults:3 | Found a staircase to the Crypt.
 36582 | Vaults:4 | Received a gift from Trog
 36797 | Vaults:4 | Paralysed by an ogre mage for 3 turns
 36812 | Vaults:4 | Reached XP level 20. HP: 198/198 MP: 19/19
 37597 | Swamp:1  | Entered Level 1 of the Swamp
 37841 | Swamp:1  | Received a gift from Trog
 38093 | Swamp:1  | Gained mutation: Your system is resistant to poisons. (rPois) [potion of beneficial mutation]
 39406 | Swamp:3  | Received a gift from Trog
 39411 | Swamp:3  | Noticed Bai Suzhen
 39433 | Swamp:3  | Killed Bai Suzhen
 39622 | Swamp:3  | Received a gift from Trog
 40216 | Swamp:4  | Entered Level 4 of the Swamp
 40293 | Swamp:4  | Noticed Louise
 40310 | Swamp:4  | Killed Louise
 41108 | Swamp:4  | Noticed the 27-headed Lernaean hydra
 41118 | Swamp:4  | Killed the 27-headed Lernaean hydra
 41132 | Swamp:4  | Got a decaying rune of Zot
 41691 | Elf:1    | Entered Level 1 of the Elven Halls
 41792 | Elf:1    | Reached XP level 21. HP: 209/209 MP: 20/20
 42161 | Elf:1    | Found Jet Bapn's Assorted Antiques.
 42164 | Elf:1    | Bought a scroll of identify for 66 gold pieces
 42164 | Elf:1    | Bought a scroll of identify for 66 gold pieces
 42164 | Elf:1    | Bought a scroll labeled EGICKU QAOQEEPECS for 33 gold pieces
 42275 | Elf:1    | Noticed Aizul
 42306 | Elf:1    | Killed Aizul
 42492 | Elf:1    | Found a portal to a secret trove of treasure.
 44252 | Elf:2    | Received a gift from Trog
 44276 | Elf:2    | Found a runed gate.
 44276 | Elf:2    | Found a runed gate.
 44277 | Elf:2    | Found a runed gate.
 44694 | Elf:2    | Cast into level 4 of the Abyss (bardiche of distortion)
 44770 | Abyss:4  | Received a gift from Trog
 44977 | Elf:2    | Escaped the Abyss
 45595 | Elf:3    | Entered Level 3 of the Elven Halls
 45639 | Elf:3    | Received a gift from Trog
 46223 | Elf:3    | Reached XP level 22. HP: 222/222 MP: 21/21
 46498 | Elf:3    | HP: 10/222 [???[a deep elf demonologist] (7)]
 46788 | Elf:3    | Got a bound glass ring
 47256 | Elf:3    | Got a jewelled rapier {elec}
 47257 | Elf:3    | Identified the cursed +0 rapier "Dafoiruh" {elec, rF+ Str+3 Dex-5} (You took it off a deep elf elementalist on level 3 of the Elven Halls)
 47265 | Elf:3    | Identified the ring "Zahar" {Fire rPois MR+ Dex-3} (You took it off a deep elf death mage on level 3 of the Elven Halls)
 47541 | Depths:1 | Entered Level 1 of the Depths
 47616 | Depths:1 | Found a gateway to Hell.
 47756 | Depths:1 | Found a huge runed gate.
 47756 | Depths:1 | Found a huge runed gate.
 47757 | Depths:1 | Found a huge runed gate.
 47757 | Depths:1 | Found a huge runed gate.
 47759 | Depths:1 | Found a huge runed gate.
 47777 | Depths:1 | Found a huge runed gate.
 47777 | Depths:1 | Found a huge runed gate.
 47777 | Depths:1 | Found a huge runed gate.
 47778 | Depths:1 | Found a huge runed gate.
 47778 | Depths:1 | Found a huge runed gate.
 47779 | Depths:1 | Found a huge runed gate.
 47784 | Depths:1 | Found a huge runed gate.
 47784 | Depths:1 | Found a huge runed gate.
 47784 | Depths:1 | Found a huge runed gate.
 47784 | Depths:1 | Found a huge runed gate.
 47887 | Depths:1 | Got a polished dagger {venom}
 47888 | Depths:1 | Identified the +7 dagger of Ofyar {venom, rPois MR+ Int-2 Stlth+} (You took it off a tengu conjurer on level 1 of the Depths)
 48013 | Depths:1 | Found a huge runed gate.
 48014 | Depths:1 | Found a huge runed gate.
 48015 | Depths:1 | Found a huge runed gate.
 48135 | Depths:1 | Received a gift from Trog
 48618 | Depths:1 | Found a huge runed gate.
 48618 | Depths:1 | Found a huge runed gate.
 48618 | Depths:1 | Found a huge runed gate.
 48618 | Depths:1 | Found a huge runed gate.
 48690 | Depths:1 | Found a huge runed gate.
 48691 | Depths:1 | Found a huge runed gate.
 48691 | Depths:1 | Found a huge runed gate.
 48691 | Depths:1 | Found a huge runed gate.
 49248 | Depths:1 | HP: 12/336 [ice dragon (6)]
 49249 | Depths:1 | HP: 2/336 [yaktaur captain (10)]
 49620 | Depths:2 | Found a one-way gate to the infinite horrors of the Abyss.
 49821 | Depths:2 | Noticed a golden dragon
 49854 | Depths:2 | HP: 10/224 [fire dragon (4)]
 49856 | Depths:2 | HP: 3/336 [tentacled monstrosity (8)]
 49925 | Depths:2 | Found Sauc's Assorted Antiques.
 50104 | Depths:2 | Killed a golden dragon
 50481 | Depths:2 | Paralysed by a floating eye for 2 turns
 50675 | Depths:2 | Bought a scroll of identify for 102 gold pieces
 50675 | Depths:2 | Bought a garnet ring for 255 gold pieces
 51144 | Depths:2 | Voluntarily entered the Abyss.
 51309 | Abyss:1  | Received a gift from Trog
 51546 | Abyss:1  | Gained mutation: You are frail. (-10% HP) [a neqoxec]
 51587 | Abyss:1  | Reached XP level 23. HP: 155/210 MP: 22/22
 52287 | Abyss:1  | Paralysed by accursed screaming for 2 turns
 52292 | Abyss:1  | Received a gift from Trog
 54215 | Abyss:1  | Received a gift from Trog
 54887 | Abyss:1  | Gained mutation: You are very frail. (-20% HP) [a cacodemon]
 55068 | Depths:2 | Escaped the Abyss
 55587 | Depths:2 | Lost mutation: You are very frail. (-20% HP) [potion of cure mutation]
 55587 | Depths:2 | Lost mutation: You are occasionally teleported next to monsters. [potion of cure mutation]
 55587 | Depths:2 | Lost mutation: You are frail. (-10% HP) [potion of cure mutation]
 55587 | Depths:2 | Lost mutation: Your spells are a little easier to cast, but a little less powerful. [potion of cure mutation]
 55587 | Depths:2 | Lost mutation: Your system is resistant to poisons. (rPois) [potion of cure mutation]
 55682 | Depths:3 | Received a gift from Trog
 55813 | Depths:3 | Found a one-way gate leading to the halls of Pandemonium.
 56131 | Depths:3 | Reached XP level 24. HP: 199/245 MP: 17/22
 57103 | Depths:4 | Received a gift from Trog
 57112 | Depths:4 | Got a scorched trident {god gift}
 57152 | Depths:4 | Found a gateway to a ziggurat.
 57172 | Depths:4 | Identified the +8 trident of Eternal Harmony {pierce, +Inv rF+ MR+ Int-4} (Trog gifted it to you on level 4 of the Depths)
 57204 | Depths:4 | Noticed a juggernaut
 57237 | Depths:4 | Killed a juggernaut
 57722 | Depths:4 | Paralysed by a floating eye for 4 turns
 57808 | Depths:4 | Noticed a juggernaut
 57808 | Depths:4 | Noticed a juggernaut
 57845 | Depths:4 | Killed a juggernaut
 57845 | Depths:4 | Reached skill level 27 in Fighting
 57853 | Depths:4 | Killed a juggernaut
 57861 | Depths:4 | Got a translucent demon blade {venom}
 57909 | Depths:4 | Identified the +7 demon blade of Cheese {venom, Str+6} (You took it off a tengu reaver on level 4 of the Depths)
 58350 | Depths:4 | Received a gift from Trog
 58563 | Depths:5 | Entered Level 5 of the Depths
 59136 | Depths:5 | Reached XP level 25. HP: 242/257 MP: 22/22
 59442 | Depths:5 | Found Fyucecasch's Quality Used Wands.
 60048 | Depths:5 | Found a gate to the Realm of Zot.
 60464 | Slime:1  | Entered Level 1 of the Pits of Slime
 60729 | Lair:6   | Received a gift from Trog
 60735 | Slime:1  | Gained mutation: Armour fits poorly on your strangely shaped body. [a shining eye]
 60736 | Slime:1  | Gained mutation: You are dopey. (Int -2) [a shining eye]
 60739 | Slime:1  | Gained mutation: Your magical capacity is low. (-10% MP) [a shining eye]
 60741 | Slime:1  | Gained mutation: Your magical capacity is very low. (-20% MP) [a shining eye]
 60822 | Slime:3  | Gained mutation: Your magical capacity is extremely low. (-30% MP) [a shining eye]
 60855 | Slime:4  | Gained mutation: You are very dopey. (Int -4) [a shining eye]
 60858 | Slime:5  | Entered Level 5 of the Pits of Slime
 60981 | Slime:5  | Gained mutation: You are occasionally teleported next to monsters. [a shining eye]
 60987 | Slime:5  | Gained mutation: You expend magic power (3 MP) to strengthen your wands. [a shining eye]
 60994 | Slime:5  | Gained mutation: You are sometimes teleported next to monsters. [a shining eye]
 60995 | Slime:5  | Gained mutation: You tend to lose your temper in combat. [a shining eye]
 61550 | Slime:5  | Gained mutation: Your body sometimes deteriorates upon taking damage. [a shining eye]
 61553 | Slime:5  | Gained mutation: You occasionally shout uncontrollably at your foes. [a shining eye]
 61600 | Slime:5  | Found a viscous altar of Jiyva.
 61601 | Slime:5  | Noticed the Royal Jelly
 61631 | Slime:5  | Killed the Royal Jelly
 61817 | Slime:5  | Got a vibrating copper ring
 61886 | Slime:5  | Got a wavering platinum ring
 61889 | Slime:5  | Got a slimy rune of Zot
 62038 | Slime:5  | Got a translucent leather armour
 62047 | Slime:5  | Identified the ring "Pyusoym" {rPois MR+ Str+6} (You found it on level 5 of the Pits of Slime)
 62049 | Slime:5  | Identified the ring of Moxiupa {rC+ Dex+6} (You found it on level 5 of the Pits of Slime)
 62058 | Slime:5  | Got a translucent long sword
 62067 | Slime:5  | Got a polished long sword
 62088 | Slime:5  | Identified the +1 leather armour "Ugyim" {Str+6} (You found it on level 5 of the Pits of Slime)
 62119 | Slime:5  | Identified the cursed +3 long sword of the Living Dead {venom, rPois rN+} (You found it on level 5 of the Pits of Slime)
 62121 | Slime:5  | Identified the +7 long sword "Plog" {freeze, rElec rN++} (You found it on level 5 of the Pits of Slime)
 63143 | D:14     | Lost mutation: You are very dopey. (Int -4) [potion of cure mutation]
 63143 | D:14     | Lost mutation: Your magical capacity is extremely low. (-30% MP) [potion of cure mutation]
 63143 | D:14     | Lost mutation: You occasionally shout uncontrollably at your foes. [potion of cure mutation]
 63143 | D:14     | Lost mutation: Your magical capacity is very low. (-20% MP) [potion of cure mutation]
 63345 | Elf:1    | Bought a potion of cure mutation for 825 gold pieces
 63345 | Elf:1    | Lost mutation: You tend to lose your temper in combat. [potion of cure mutation]
 63345 | Elf:1    | Lost mutation: You are dopey. (Int -2) [potion of cure mutation]
 63345 | Elf:1    | Lost mutation: Your body sometimes deteriorates upon taking damage. [potion of cure mutation]
 63345 | Elf:1    | Lost mutation: You expend magic power (3 MP) to strengthen your wands. [potion of cure mutation]
 63345 | Elf:1    | Lost mutation: Your magical capacity is low. (-10% MP) [potion of cure mutation]
 63871 | Vaults:5 | Entered Level 5 of the Vaults
 63883 | Vaults:5 | Received a gift from Trog
 63901 | Vaults:5 | Noticed Jory
 63937 | Vaults:5 | Killed Jory
 63964 | Vaults:5 | Noticed an ancient lich
 64033 | Vaults:4 | Killed an ancient lich
 64281 | Vaults:5 | Reached XP level 26. HP: 266/266 MP: 22/22
 64293 | Vaults:5 | Received a gift from Trog
 64668 | Vaults:5 | Noticed Mennas
 64723 | Vaults:5 | Killed Mennas
 64732 | Vaults:5 | Got a polished large shield
 64777 | Vaults:5 | Got a shimmering ivory ring
 64788 | Vaults:5 | Identified the +9 large shield of the Orcish Mines {rCorr} (You took it off Mennas on level 5 of the Vaults)
 64796 | Vaults:5 | Got a silver rune of Zot
 64839 | Vaults:5 | Identified the ring of Diowa {rC+ Dex+2} (You took it off Mennas on level 5 of the Vaults)
 64863 | Vaults:5 | Got a faintly glowing plate armour
 64877 | Vaults:5 | Identified the cursed +1 plate armour of the Buccaneer {rF++ Stlth+} (You found it on level 5 of the Vaults)
 65189 | Vaults:5 | Got an ivory great sword {flame}
 65193 | Vaults:5 | Identified the +5 great sword of the Evil Eye {flame, Fragile rC++ rN+ Str+3} (You took it off a frost giant on level 5 of the Vaults)
 65363 | Vaults:5 | Got a crude war axe
 65364 | Vaults:5 | Identified the +3 war axe of Experimentation {elec, Fragile rElec rN+ Int+3} (You found it on level 5 of the Vaults)
 65454 | Vaults:5 | Noticed an ancient lich
 65517 | Vaults:5 | Killed an ancient lich
 65609 | Vaults:5 | Found Xiabemed's Distillery.
 65609 | Vaults:5 | Found Vuicus's Magic Scroll Shoppe.
 65613 | Vaults:5 | Bought a potion of heal wounds for 80 gold pieces
 65613 | Vaults:5 | Bought 2 potions of heal wounds for 160 gold pieces
 65613 | Vaults:5 | Bought a potion of curing for 48 gold pieces
 65613 | Vaults:5 | Bought a potion of curing for 48 gold pieces
 65613 | Vaults:5 | Bought a potion of might for 64 gold pieces
 65613 | Vaults:5 | Bought a potion of might for 64 gold pieces
 65613 | Vaults:5 | Bought a potion of agility for 64 gold pieces
 65613 | Vaults:5 | Bought a potion of heal wounds for 80 gold pieces
 65619 | Vaults:5 | Found Nooriant's Food Boutique.
 65620 | Vaults:5 | Bought a scroll of identify for 24 gold pieces
 65620 | Vaults:5 | Bought a scroll of identify for 24 gold pieces
 65620 | Vaults:5 | Bought a scroll of identify for 24 gold pieces
 65645 | Vaults:5 | Found Ifaecewa's Distillery.
 65645 | Vaults:5 | Found Filoegu's Food Boutique.
 65649 | Vaults:5 | Bought a potion of curing for 48 gold pieces
 65674 | Vaults:5 | Found Ecitoq's Magic Scroll Emporium.
 65674 | Vaults:5 | Found Bocruod's Distillery.
 65678 | Vaults:5 | Bought a scroll of identify for 22 gold pieces
 65678 | Vaults:5 | Bought a scroll of identify for 22 gold pieces
 65678 | Vaults:5 | Bought a scroll of identify for 22 gold pieces
 65678 | Vaults:5 | Bought a scroll of enchant weapon for 82 gold pieces
 65695 | Vaults:5 | Found Taqel's Distillery.
 65699 | Vaults:5 | Bought a potion of cure mutation for 450 gold pieces
 65699 | Vaults:5 | Bought a potion of cure mutation for 450 gold pieces
 65699 | Vaults:5 | Lost mutation: You are sometimes teleported next to monsters. [potion of cure mutation]
 65699 | Vaults:5 | Lost mutation: Armour fits poorly on your strangely shaped body. [potion of cure mutation]
 65699 | Vaults:5 | Lost mutation: You are occasionally teleported next to monsters. [potion of cure mutation]
 65983 | Crypt:1  | Entered Level 1 of the Crypt
 65989 | Crypt:1  | Received a gift from Trog
 66726 | Temple   | Entered the Ecumenical Temple
 67383 | Depths:2 | Voluntarily entered the Abyss.
 67583 | Abyss:1  | Gained mutation: You are covered in fur. (AC +1) [a cacodemon]
 67591 | Abyss:1  | Gained mutation: Your spells are a little easier to cast, but a little less powerful. [a cacodemon]
 67936 | Abyss:2  | Found a corrupted altar of Lugonu.
 68015 | Abyss:2  | Got a glittering pewter ring
 68021 | Abyss:2  | Identified the ring "Dymnad" {rElec rPois MR++ Int-4 Slay+3} (You found it on level 2 of the Abyss)
 68256 | Abyss:2  | Lost intelligence.
 68319 | Abyss:3  | Found a corrupted altar of Lugonu.
 68455 | Abyss:3  | Paralysed by accursed screaming for 1 turns
 68460 | Abyss:3  | Paralysed by accursed screaming for 1 turns
 68477 | Abyss:3  | Paralysed by accursed screaming for 2 turns
 68732 | Abyss:3  | Received a gift from Trog
 69046 | Abyss:3  | Got an abyssal rune of Zot
 69074 | Abyss:3  | Paralysed by accursed screaming for 2 turns
 69216 | Abyss:3  | Reached XP level 27. HP: 273/273 MP: 16/22
 69279 | Abyss:3  | Paralysed by accursed screaming for 1 turns
 69290 | Abyss:3  | Gained mutation: You are frail. (-10% HP) [a neqoxec]
 69455 | Abyss:3  | Paralysed by accursed screaming for 2 turns
 69498 | Depths:2 | Escaped the Abyss
 70187 | Orc:2    | Bought 3 scrolls of enchant armour for 270 gold pieces
 70575 | Depths:2 | Bought a scroll of enchant armour for 382 gold pieces
 70668 | Hell     | Entered the Vestibule of Hell
 70668 | Hell     | Noticed Geryon
 70670 | Hell     | Noticed Xeen's ghost (legendary GrEE)
 70676 | Hell     | Killed Xeen's ghost
 70730 | Hell     | Noticed Murray
 70753 | Depths:1 | Received a gift from Trog
 71061 | Depths:1 | Killed Murray
 71531 | Hell     | Killed Geryon
 71621 | Hell     | Found a gateway to the ashen valley of Gehenna.
 71679 | Hell     | Found a gateway to the decaying netherworld of Tartarus.
 71805 | Hell     | Found a gateway to the Iron City of Dis.
 71879 | Hell     | Found a gateway to the freezing wastes of Cocytus.
 72101 | Dis:1    | Entered Level 1 of the Iron City of Dis
 73348 | Dis:1    | Received a gift from Trog
 74087 | Dis:2    | Reached skill level 27 in Armour
 74457 | Dis:2    | Received a gift from Trog
 75454 | Dis:3    | Lost mutation: You are frail. (-10% HP) [potion of cure mutation]
 75454 | Dis:3    | Lost mutation: Your spells are a little easier to cast, but a little less powerful. [potion of cure mutation]
 75454 | Dis:3    | Lost mutation: You are covered in fur. (AC +1) [potion of cure mutation]
 75515 | Dis:3    | Received a gift from Trog
 76262 | Dis:3    | Noticed a greater mummy
 76272 | Dis:3    | Killed a greater mummy
 76576 | Dis:3    | Noticed a greater mummy
 76581 | Dis:3    | Noticed a greater mummy
 76586 | Dis:3    | Noticed a greater mummy
 76587 | Dis:3    | Noticed a greater mummy
 76594 | Dis:3    | Killed a greater mummy
 76597 | Dis:3    | HP: 19/388 [mana viper[a greater mummy] (7)]
 76600 | Dis:3    | HP: 8/259 [lich (8)]
 76600 | Dis:3    | Killed from afar by a greater mummy

Vault maps used:
D:1:      matt_arrival_diagonals
D:2:      vehumet_crystals
D:3:      lightli_sewer_entry_pipes, moated_statue, corexii_shack
D:4:      first_bread
D:5:      minmay_temple_entry_junction, basic_altar
D:6:      grunt_ministairs_7, kennysheep_minor_cross, minmay_misc_feat_chi,
          uniq_edmund
D:7:      chequers_temple_overflow_minitemple, grunt_livestock,
          nicolae_ru_path_of_blood
D:8:      nemelex_xobeh_ov_fountains_minmay, gammafunk_temple_overflow_wave,
          serial_shops, nicolae_shop_stone
D:9:      uniq_psyche
D:10:     uniq_snorg, uniq_gastronok, uniq_erica, uniq_maurice
D:11:     due_lair_maze_entry_diamond, david_orc_1_choice, lab_entry_generic,
          kennysheep_generic_room_4
D:12:     nicolae_benzene_ring
D:13:     basic_altar, serial_shops, nicolae_shop_behind_doors,
          elyvilon_altar_4, uniq_erolcha
D:14:     david_vaults_1, uniq_josephine
D:15:     grunt_enter_depths_giant_problem, nicolae_dithmenos_shadow_blocks,
          grunt_decor_fettered, grunt_ministairs_2,
          hangedman_abyss_or_decor_slice, uniq_urug, uniq_sonja
Temple:   oiseaux_autumnal_temple
Lair:1:   portal_ice_cave_entry_pillars_1, nicolae_quartered_pool_medium
Lair:2:   beast_lair_carwin_large_2, hibernation_bobbens, grunt_megastairs_4
Lair:4:   minmay_swamp_entry_reptiles, spider_nest_entry_webs,
          beast_lair_carwin_4, infiniplex_staircase_pool_2
Lair:5:   lemuel_fruit_fields, uniq_nessos
Lair:6:   evilmike_catoblepas_cave, slime_altar_1, st_stairs_8,
          infiniplex_staircase_pool, grunt_megastairs_5
Swamp:1:  wheals_swamp_sinkhole
Swamp:2:  evilmike_swamp_ruin_house_3, hangedman_swamp_ravenous
Swamp:3:  evilmike_swamp_ruin_rubble_2, uniq_bai_suzhen
Swamp:4:  grunt_swamp_rune_castle, swamp_pool4, uniq_louise
Spider:1: spider_trap, nicolae_spider_nook, uniq_rupert, uniq_kirke
Spider:3: spider_trap
Spider:4: grunt_spider_rune_circles, uniq_nikola
Slime:2:  cheibrodos_slime_lost_civilization_2
Slime:3:  cheibrodos_slime_lost_civilization_6
Orc:1:    basic_altar, nicolae_orc_rich_vein
Orc:2:    st_orc_open
Elf:1:    minmay_elf_arrival_plus, serial_shops, shop, enter_trove_3,
          minivault_28, uniq_aizul
Elf:2:    st_stairs_3, nicolae_elf_stone_circles, lemuel_elevator
Elf:3:    minmay_elf_hall_furrowed, grunt_ministairs_3, corexii_checkpoint_a
Vaults:1: v_misc_22, grunt_vaults_hallway_long, st_hourglassy, v_misc_14,
          ontoclasm_vaults_spin, v_misc_14, v_pattern_3, v_alt_pattern_5,
          v_misc_12, v_misc_27, nicolae_vaults_rhombus_5,
          nicolae_vaults_little_squares_1, nicolae_vaults_sealed_display,
          uniq_jorgrun
Vaults:2: st_squares, vaults_dpeg_cross, ontoclasm_vaults_fault, v_pattern_5,
          v_misc_13, vaults_dpeg_spiral, vaults_dpeg_diagonal,
          hangedman_vaults_snaps, vaults_mumra_hexcomb,
          hangedman_vaults_stagger, nicolae_vaults_little_squares_3,
          vaults_room_corners
Vaults:3: nicolae_vaults_border_crossing, ontoclasm_vaults_ligature,
          nicolae_vaults_theta, ontoclasm_vaults_idyll, blue_anna_dwarven_crypt,
          nicolae_vaults_specimen_jars, nicolae_vaults_network_s,
          vaults_dpeg_ring, ontoclasm_vaults_decontamination, st_more_cells,
          serial_shops, nicolae_shop_trees
Vaults:4: vaults_room_octagon, nicolae_vaults_little_squares_1,
          ontoclasm_vaults_claustrophobia, nicolae_vaults_c_with_doors,
          vaults_room_fancy_cross, nicolae_vaults_little_squares_4,
          nicolae_vaults_rhombus_5
Vaults:5: uniq_mennas, uniq_jory
Crypt:1:  roderic_lattice_octagonal_star, grunt_megastairs_3
Depths:1: hell_entry, serial_co_window_serial, co_window_paths_a,
          co_window_paths_b, co_window_corner_a, co_window_corner_a,
          co_window_paths_a, co_window_corner_a, co_window_paths_c,
          co_window_corner_cb, co_window_cross_2, co_window_corner_ca,
          co_window_2corner, glass_columns_c, glass_columns_a, glass_columns_b,
          glass_columns_a, fountainhead, door_vault
Depths:2: thingy_vault, abyss_entry, pf_hell_entry_tar_spiral,
          serial_corexii_hall, corexii_hall_statues_x, corexii_hall_statues_i,
          serial_shops, kennysheep_mini, moated_statue, serial_bayou_shore_b
Depths:3: kennysheep_spiral_hall, grunt_hell_entry_dis_mu,
          hangedman_decor_peaks_small, pan_entry, spider_trap
Depths:4: minmay_tile_spiral, enter_ziggurat_c, hellmouth_1, pan_entry,
          abyss_entry, minmay_misc_feat_square, infiniplex_staircase_x,
          firewood_loft
Depths:5: grunt_zot_entry_hairpin, abyss_entry, hell_entry,
          serial_bayou_lagoon_a, nicolae_for_you_no_charge
Dis:1:    hangedman_dis_decor_tower
Dis:2:    hangedman_iron_city_apartments
Dis:3:    lemuel_mystery_crypt
Abyss:2:  evilmike_abyss_exit_15, small_statue_intersection
Abyss:3:  hangedman_abyss_exit_choices, evilmike_abyss_rune_tso_outpost,
          small_statue_intersection
Abyss:4:  evilmike_abyss_exit_10, nicolae_abyss_rune_star_stuff,
          evilmike_abyss_exit_7
Lab:      nicolae_lab_dead_adventurers
IceCv:    ice_cave_caverns_01

Skill      XL: |  1  2  3  4  5  6  7  8  9 10 11 12 13 14 15 16 17 18 19 20 21 22 23 24 25 26 27 |
---------------+----------------------------------------------------------------------------------+-----
Shields        | 1 2 3 4 6 7 9 10 11 12 13 14 15 16 17 18 19 20 21 22 23 24 26 | 26.0
Armour         | 3 4 5 6 8 9 10 12 13 14 15 16 17 18 19 20 21 22 24 26 27 | 27.0
Fighting       | 4 5 7 8 9 10 12 13 14 15 16 18 19 21 22 23 25 26 27 | 27.0
Polearms       | 4 5 6 7 8 10 11 12 13 14 16 17 19 20 22 | 22.4
Dodging        | 3 4 5 6 7 8 10 11 12 13 14 15 16 17 18 19 20 21 22 23 24 | 24.7

Action                   |  1- 3 |  4- 6 |  7- 9 | 10-12 | 13-15 | 16-18 | 19-21 | 22-24 | 25-27 || total
-------------------------+-------+-------+-------+-------+-------+-------+-------+-------+-------++-------
Melee: Spear             |    72 |   168 |    36 |       |       |       |       |       |       ||   276
       Headbutt          |    11 |    29 |    82 |   191 |   431 |   751 |   847 |   998 |  1301 ||  4641
       Trident           |       |       |   291 |   591 |   539 |       |       |   642 |  3212 ||  5275
       Glaive            |       |       |       |       |    31 |       |       |       |       ||    31
       Demon trident     |       |       |       |       |   802 |  2440 |  2843 |  2233 |       ||  8318
       Trishula          |       |       |       |       |       |       |       |       |   448 ||   448
Invok: Berserk           |     3 |     3 |     4 |    19 |    14 |     6 |     2 |    11 |    10 ||    72
       Trog's Hand       |       |       |     1 |       |     9 |     8 |    14 |    14 |    26 ||    72
       Brothers in Arms  |       |       |       |     1 |     8 |    15 |     4 |    22 |    22 ||    72
       Burn Spellbooks   |       |       |       |     1 |     3 |     3 |     5 |     6 |     4 ||    22
 Abil: Evoke Flight      |       |       |       |       |       |       |       |       |     2 ||     2
Evoke: Wand              |       |       |       |       |       |     6 |       |     1 |       ||     7
  Use: Scroll            |       |       |     6 |     2 |    20 |     6 |    14 |    11 |    34 ||    93
       Potion            |       |       |       |       |     5 |     6 |     4 |     6 |    30 ||    51
 Stab: Distracted        |       |       |       |       |     1 |     7 |     4 |     6 |     8 ||    26
       Paralysed         |       |       |       |       |       |     6 |    38 |    13 |       ||    57
       Confused          |       |       |       |       |       |     7 |    17 |     4 |       ||    28
       Petrifying        |       |       |       |       |       |     3 |    14 |     1 |       ||    18
       Petrified         |       |       |       |       |       |     2 |    13 |     5 |       ||    20
       Invisible         |       |       |       |       |       |       |       |       |     3 ||     3
  Eat: Chunk             |     4 |    11 |    17 |    32 |    29 |    35 |    37 |    23 |    13 ||   201
       Fruit             |       |       |       |     4 |     2 |       |     6 |     7 |     7 ||    26
       Bread ration      |       |       |       |     1 |       |       |       |     4 |    12 ||    17
       Meat ration       |       |       |       |       |     4 |     3 |     3 |     4 |     2 ||    16
       Royal jelly       |       |       |       |       |       |       |       |       |     3 ||     3
Armor: Animal skin       |     4 |       |       |       |       |       |       |       |       ||     4
       Ring mail         |    10 |       |       |       |       |       |       |       |       ||    10
       Scale mail        |       |    41 |    13 |       |       |       |       |       |       ||    54
       Plate armour      |       |       |   104 |   214 |   142 |       |       |       |       ||   460
       Crystal plate arm |       |       |       |       |   301 |  1073 |  1035 |   881 |   508 ||  3798
       Ice dragon scales |       |       |       |       |       |       |       |    76 |       ||    76
       Gold dragon scale |       |       |       |       |       |       |       |       |   189 ||   189
Dodge: Dodged            |    31 |    63 |    96 |   202 |   388 |   628 |   924 |  1002 |  1261 ||  4595
Block: Buckler           |    13 |    26 |    92 |   157 |   167 |       |       |       |       ||   455
       Shield            |       |       |       |       |   356 |       |       |       |       ||   356
       Large shield      |       |       |       |       |   202 |  2248 |  2479 |  2556 |  3856 || 11341
       Reflection        |       |       |       |       |     2 |       |       |       |       ||     2
